 Dungeon Crawl Stone Soup version 0.28.0 (webtiles) character file.

Game seed: 12716733615998981708

32 ProzacElf the Chopper (level 3, 0/31 HPs)
             Began as a Hill Orc Monk on Feb 17, 2022.
             Slain by a ball python (2 damage)
             ... on level 1 of the Dungeon.
             The game lasted 00:01:56 (843 turns).

ProzacElf the Chopper (Hill Orc Monk)                Turns: 843, Time: 00:01:57

Health: 0/31       AC:  2    Str: 15    XL:     3   Next: 25%
Magic:  3/3        EV: 12    Int: 10    God:
Gold:   47         SH:  5    Dex: 13    Spells: 2/2 levels left

rFire   . . .      SeeInvis .   a - +0 hand axe
rCold   . . .      Faith    .   e - +2 buckler
rNeg    . . .      Spirit   .   b - +0 robe
rPois   .          Reflect  .   (no helmet)
rElec   .          Harm     .   (no cloak)
rCorr   .          Rampage  .   (no gloves)
Will    .....                   (no boots)
Stlth   ++........              (no amulet)
HPRegen 0.10/turn               (no ring)
MPRegen 0.08/turn               (no ring)

@: no status effects
A: no striking features
a: no special abilities


You were on level 1 of the Dungeon.
You visited 1 branch of the dungeon, and saw 1 of its levels.

You collected 47 gold pieces.

Inventory:

Hand Weapons
 a - a +0 hand axe (weapon)
Missiles
 d - 22 stones (quivered)
 i - 23 sling bullets
Armour
 b - a +0 robe (worn)
 e - a +2 buckler (worn)
Scrolls
 c - a scroll of identify {unknown}
 g - a scroll of amnesia {unknown}


   Skills:
 - Level 3.6 Fighting
 + Level 4.9 Axes
 + Level 3.0 Dodging
 - Level 1.5 Stealth


You had 2 spell levels left.
You didn't know any spells.
Your spell library contained the following spells:

 Spells                   Type           Power      Damage    Failure   Level
 Sandblast                Erth           0%         2d4       45%         1
 Passwall                 Tmut/Erth      0%         N/A       61%         2
 Stone Arrow              Conj/Erth      0%         3d7       83%         3


Dungeon Overview and Level Annotations

Branches:
Dungeon (1/15)

Altars:


Message History

Tha jackal closely misses ye.
Tha jackal misses ye.
Ye barely miss tha jackal.
Tha jackal be heavily wounded.
Ye hit tha jackal.
Tha jackal completely misses ye.
Tha jackal closely misses ye. x2; Tha jackal barely misses ye.
Tha ball python barely misses ye. x2; Tha jackal barely misses ye.
Ye closely miss tha jackal.
Tha jackal be heavily wounded.
Ye closely miss tha ball python.
Ye hit tha jackal. x2
Ye kill tha jackal!
Ye block tha ball python's attack.
Tha ball python misses ye.
Tha jackal closely misses ye.
Tha ball python bites ye.
* * * LOW HITPOINT WARNIN'
* * * Tha ball python completely misses ye.
Ye block tha jackal's attack.
Ye take 2 damage, an' haf 5/31 hp.
Ye closely miss tha jackal.
Tha jackal be heavily wounded.
Ye completely miss tha ball python.
Ye closely miss tha jackal.
Ye hit tha jackal.
Tha jackal barely misses ye. x3; Tha ball python bites ye.
* * * LOW HITPOINT WARNIN'
* * * Tha ball python barely misses ye.
Tha jackal barely misses ye.
Tha jackal bites ye but does nay damage.
Ye take 3 damage, an' haf 2/31 hp.
It was a potion o' invisibility.
Ye fade inta invisibility!
Tha jackal barely misses ye.
Tha ball python bites ye but does nay damage.
Tha jackal closely misses ye.
Tha jackal completely misses ye.
Ye block tha jackal's attack.
It was a potion o' cancellation.
Yer magical effects be unravellin'.
Ye feel magic'lly purged.
Ye flicker back inta view.
Ye block tha ball python's attack.
Tha ball python closely misses ye.
Tha jackal bites ye.
* * * LOW HITPOINT WARNIN'
* * * Tha jackal barely misses ye.
Tha jackal bites ye but does nay damage.
Tha ball python bites ye.
Ye die...

.........#.#.#..)...............#
......##.#.#.....................
#...#.# .###.#...................
#####.##.###.............).......
####.............................
...#.....####....................
..(#.†..####....g...............#
.>...........###hS#..............
.............Kgh@h...##..#....##.
...#.......#######.......#....##.
...#....##..... .......#...#...#.
...#....####..........###........
.. ##†.## ...[...........#..... .
##h# ..................#. ...
........ ........._. ..... ...
......... ...... ########.


You could see 3 jackals, a hobgoblin, a goblin, a ball python and a kobold.

Vanquished Creatures
  2 dart slugs (D:1)
  2 bats (D:1)
  4 endoplasms (D:1)
  3 hobgoblins (D:1)
  4 jackals (D:1)
  2 quokkas (D:1)
  2 frilled lizards (D:1)
  4 kobolds (D:1)
  A rat (D:1)
24 creatures vanquished.

Notes
Turn   | Place    | Note
-------+----------+-------------------------------------------
     0 | D:1      | ProzacElf the Hill Orc Monk began the quest for the Orb.
     0 | D:1      | Reached XP level 1. HP: 19/19 MP: 1/1
    33 | D:1      | Reached XP level 2. HP: 19/26 MP: 2/2
   133 | D:1      | Found a faded altar of an unknown god.
   751 | D:1      | Reached XP level 3. HP: 27/31 MP: 3/3
   843 | D:1      | Slain by a ball python

Illustrated notes

Levels and vault maps discovered:
D:1:      shiori_shiawase, layout_rooms, basic_ecumenical_altar

Skill      XL: |  1  2  3 |
---------------+----------+-----
Dodging        | 3 |  3.0
Fighting       | |  3.6
Axes           | |  4.9
Stealth        | |  1.5

Action                   || total
-------------------------++-------
Melee: Hand axe          ||    85
       Punch             ||     1
  Use: Potion            ||     2
 Stab: Sleeping          ||     2
Armor: Robe              ||    22
Dodge: Dodged            ||    93
Block: Buckler           ||    21
